 Dungeon Crawl Stone Soup version 0.24-a0-217-g1152973720 (webtiles) character file.

Game seed: 1393789911338551355

233 Redear the Magician (level 5, 0/35 HPs)
             Began as a Mummy Wizard on Mar 30, 2019.
             Was a Follower of Kikubaaqudgha.
             Killed from afar by an orc wizard (8 damage)
             ... with a magic dart
             ... on level 3 of the Dungeon.
             The game lasted 00:17:23 (4153 turns).

Redear the Magician (Mummy Wizard)                  Turns: 4153, Time: 00:17:24

Health: 0/35       AC:  2    Str: 11    XL:     5   Next: 74%
Magic:  6/12       EV: 12    Int: 18    God:    Kikubaaqudgha [*.....]
Gold:   161        SH:  0    Dex: 10    Spells: 1/13 levels left

rFire    x . .     SeeInvis .   k - +2 mace (protect)
rCold    + . .     Gourm    .   (no shield)
rNeg     + + +     Faith    .   a - +0 robe
rPois    ∞         Spirit   .   b - +0 hat
rElec    .         Reflect  .   o - scarf {repulsion} {rMsl}
rCorr    .         Harm     .   (no gloves)
MR       .....                  (no boots)
Stlth    ++........             (no amulet)
HPRegen  0.11/turn              (no ring)
MPRegen  0.13/turn              (no ring)

@: repel missiles
A: no food or potions, fire vulnerability, cold resistance 1, negative energy
resistance 3, torment resistance, unbreathing
a: Receive Corpses, Renounce Religion


You were on level 3 of the Dungeon.
You worshipped Kikubaaqudgha.
Kikubaaqudgha was aware of your devotion.
You were not hungry.

You visited 1 branch of the dungeon, and saw 4 of its levels.

You collected 161 gold pieces.

Inventory:

Hand Weapons
 c - a +0 club
 k - a +2 mace of protection (weapon)
Missiles
 h - 4 tomahawks
 m - 2 silver tomahawks
 Q - 42 stones (quivered)
Armour
 a - a +0 robe (worn)
 b - a +0 hat (worn)
 l - a +2 buckler
 n - a +0 leather armour
 o - a scarf of repulsion (worn) {rMsl}
Scrolls
 d - a scroll of magic mapping {unknown}
 e - 2 scrolls of fog {unknown}
 f - a scroll of fear {unknown}
 g - 2 scrolls of random uselessness {unknown}
 i - 3 scrolls of remove curse
 j - a scroll of amnesia {unknown}
 p - a scroll of enchant weapon {unknown}
 t - 4 scrolls of teleportation


   Skills:
 - Level 1.5 Dodging
 - Level 1.5 Stealth
 - Level 4.7 Spellcasting
 - Level 2.4 Conjurations
 - Level 1.3 Hexes
 - Level 1.6 Summonings
 + Level 1.4 Necromancy
 - Level 1.6 Translocations
 - Level 1.4 Fire Magic


You had one spell level left.
You knew the following spells:

 Your Spells              Type           Power        Failure   Level  Hunger
a - Magic Dart            Conj           ##..         4%          1    N/A
b - Blink                 Tloc           N/A          11%         2    N/A
c - Call Imp              Summ           ##......     11%         2    N/A
d - Conjure Flame         Conj/Fire      ##......     19%         3    N/A
e - Pain                  Necr           #...         8%          1    N/A
s - Slow                  Hex            #.......     12%         2    N/A
A - Animate Skeleton      Necr           N/A          8%          1    N/A

Your spell library contained the following spells:

 Spells                   Type           Power        Failure   Level  Hunger
 Corpse Rot               Necr           N/A          11%         2    N/A
 Vampiric Draining        Necr           #.........   22%         3    N/A
 Mephitic Cloud           Conj/Pois/Air  #.......     28%         3    N/A

Dungeon Overview and Level Annotations

Branches:
Dungeon (4/15)
 Temple: D:4-7

Altars:
Fedhas
Kikubaaqudgha
Uskayaw


Innate Abilities, Weirdness & Mutations

You do not eat or drink.
Your flesh is vulnerable to fire.
You are immune to poison.
Your flesh is cold resistant. (rC+)
You are immune to negative energy. (rN+++)
You are immune to unholy pain and torment.
You can survive without breathing.


Message History

What are your orders? t - Shout!
Orders for allies: a - Attack new target. r - Retreat! s - Stop attacking. g - Guard the area. f - Follow me.
Anything else - Cancel.
Gang up on whom?
Aim: an orc wizard, wielding a +0 dagger and wearing a +0 robe (heavily wounded) Attack!
The orc wizard hits your crimson imp with a +0 dagger.
Your crimson imp blinks!
Unknown command.
Unknown command.
Your magical contamination has completely faded away.
You hear a shout!
A magic dart appears from out of thin air!
Deactivating autopickup; reactivate with Ctrl-A.
The magic dart hits you!
You die...
Kikubaaqudgha rasps: "You have failed me!
Welcome... oblivion!"

### #.#####
#.....# #.##.##
###.##.# #......#
# ##.P.P.@# #
#..)_...# #
#..P.P..# #
#.......#
##########.##.##.#
.....5...)...>##.#
#.####o#####...{.#
#.# #§# #.#####
### #.# #.#


There were no monsters in sight!

Levels and vault maps discovered:
D:1:      saegor_arrival_miasma, layout_basic, minmay_cupped
D:2:      layout_basic, overflow_temple_1_default,
          chequers_ecumenical_altar_grove, uniq_terence
D:3:      layout_basic, fedhas_altar_1, overflow_temple_1_default
D:4:      layout_cave_pools, nicolae_tso_swordbearing_angel,
          lemuel_doored_altar, first_ration, nrook_mini_vaults,
          grunt_dithmenos_shadows

Notes
Turn   | Place    | Note
-------+----------+-------------------------------------------
     0 | D:1      | Redear the Mummy Wizard began the quest for the Orb.
     0 | D:1      | Reached XP level 1. HP: 13/13 MP: 5/5
    62 | D:1      | Identified a +0 club
    78 | D:1      | Reached skill level 1 in Conjurations
   185 | D:1      | Reached XP level 2. HP: 6/19 MP: 0/7
   440 | D:1      | Identified a +0 club
   474 | D:1      | Redear: ??mummy
   474 | D:1      | beem: mummy[1/8]: When destroyed, all mummies cast a death
                  | curse. For normal mummies (i.e. 'a mummy'), this could
                  | curse items. For other mummies (e.g. 'guardian mummy'), it
                  | will be a random {necromancy miscast} effect. Regular
                  | mummies are vulnerable to fire damage. In 0.17 and up,
                  | regular mummies have no death curse.
   474 | D:1      | Redear: ??mummy [2
   474 | D:1      | beem: mummy[2/8]: Your oklob plant has a weird expression
                  | for a moment.
   474 | D:1      | Redear: ??mummy [23
   474 | D:1      | beem: I don't have a page labeled mummy[23] in my learndb.
   474 | D:1      | Redear: ??mummy [3
   474 | D:1      | beem: mummy[3/8]: Mummy PCs do not need to eat food to
                  | survive. They also resist necromantic and cold attacks, are
                  | immune to poison, but vulnerable to fire. Also, they get
                  | permanent necro magic enhancers at xl13 and 26. Lastly,
                  | they cannot drink potions, change form or go berserk.
                  | According to syrion, PC mummies use bladders for firing
                  | blowguns.
   474 | D:1      | Redear: ??mummy [4
   474 | D:1      | beem: mummy[4/8]: Spells player mummies can't use:
                  | regeneration, revivification, death's door, stoneskin,
                  | alistair's intoxication, any form-changing spell (including
                  | blade hands and necromutation), and spells that would have
                  | no useful effect such as cure poison.
   474 | D:1      | Redear: ??mummy [5
   474 | D:1      | beem: mummy[5/8]: Take your gear off, drop it all,
                  | including your weapon, and challenge a mummy to a good old
                  | fashioned round of fisticuffs. Not only does this avoid the
                  | death curse, it is also extremely gentlemanly.
   474 | D:1      | Redear: ??mummy [6
   474 | D:1      | beem: mummy[6/8]: Zetwiuwo moans, "Get thee gone, thou
                  | cockered inflammable dustbag!"
   474 | D:1      | Redear: ??mummy [7
   474 | D:1      | beem: mummy[7/8]: man, look at these apts with a +
                  | before them
   474 | D:1      | Redear: ??mummy [8
   474 | D:1      | beem: mummy[8/8]: Mummies are immune to drowning damage
                  | like the engulf status water elementals give you, but they
                  | were embalmed from the feet up and the budget ran dry
                  | midway so they switched from quality bandages to toilet
                  | paper from the waist up, so they fall apart in deep water
                  | but not shallow water.
   732 | D:1      | Identified a +0 short sword
   878 | D:1      | Identified a +0 dagger
   901 | D:1      | Identified a +0 club
  1002 | D:2      | Reached XP level 3. HP: 13/24 MP: 0/9
  1080 | D:2      | Learned a level 2 spell: Blink
  1083 | D:2      | Learned a level 2 spell: Call Imp
  1086 | D:2      | Learned a level 2 spell: Slow
  1090 | D:2      | Learned a level 3 spell: Conjure Flame
  1261 | D:2      | Identified a +0 morningstar
  1261 | D:2      | Identified a +0 ring mail
  1261 | D:2      | Noticed Terence
  1300 | D:2      | Identified a +0 club
  1326 | D:2      | Killed Terence
  1326 | D:2      | Reached skill level 1 in Translocations
  1327 | D:2      | Reached skill level 1 in Summonings
  1424 | D:2      | Identified a +0 club
  1431 | D:2      | Reached skill level 2 in Conjurations
  1516 | D:2      | Identified a +0 short sword
  1542 | D:2      | Identified a +0 club
  1579 | D:2      | Found a hide-covered altar of Uskayaw.
  1581 | D:2      | Identified a +0 club
  1680 | D:2      | Reached XP level 4. HP: 30/30 MP: 6/10
  1730 | D:2      | Found a faded altar of an unknown god.
  2015 | D:2      | Identified a +0 dagger
  2062 | D:2      | Identified a +2 mace of protection (You found it on level 2
                  | of the Dungeon)
  2183 | D:3      | Identified a +2 buckler (You found it on level 3 of the
                  | Dungeon)
  2215 | D:3      | Found an ancient bone altar of Kikubaaqudgha.
  2242 | D:3      | Became a worshipper of Kikubaaqudgha
  2352 | D:3      | Identified a +0 dagger
  2419 | D:3      | Identified a +2 flail of protection
  2419 | D:3      | Identified a +0 leather armour
  2462 | D:3      | Identified a +0 ring mail
  2465 | D:3      | Identified a +0 dagger
  2465 | D:3      | Identified a +0 ring mail
  2465 | D:3      | Identified a +0 hand axe
  2465 | D:3      | Identified a +0 leather armour
  2465 | D:3      | Identified a +0 trident
  2465 | D:3      | Identified a +0 ring mail
  2530 | D:3      | HP: 7/30 [orc (3)]
  2760 | D:2      | Identified 5 scrolls of teleportation
  2761 | D:2      | Identified 3 scrolls of remove curse
  2813 | D:3      | Identified a +0 dagger
  2813 | D:3      | Identified a +0 ring mail
  2813 | D:3      | Identified a +0 leather armour
  2813 | D:3      | Identified a +0 leather armour
  2813 | D:3      | Identified a +0 mace
  2819 | D:3      | Identified a +0 mace
  2819 | D:3      | Identified a +0 leather armour
  2829 | D:3      | Reached skill level 1 in Fire Magic
  2831 | D:3      | Identified a +0 whip
  2838 | D:3      | Reached skill level 1 in Hexes
  2860 | D:3      | Identified a +0 hand axe
  2860 | D:3      | Identified a +0 scale mail
  3022 | D:3      | Reached XP level 5. HP: 20/35 MP: 3/12
  3099 | D:3      | Reached * piety under Kikubaaqudgha
  3099 | D:3      | Identified Kikubaaqudgha's Grimoire of Black Arts
                  | (Kikubaaqudgha gifted it to you on level 3 of the Dungeon)
  3099 | D:3      | Received a gift from Kikubaaqudgha
  3132 | D:3      | Identified a +0 club
  3195 | D:3      | Found a blossoming altar of Fedhas.
  3196 | D:3      | Identified a cursed +0 short sword
  3368 | D:4      | Identified a +0 club
  3377 | D:4      | Identified a +0 leather armour
  3394 | D:3      | Identified a scarf of repulsion (You found it on level 4 of
                  | the Dungeon)
  3583 | D:4      | Identified a cursed -2 hand axe
  3627 | D:4      | Learned a level 1 spell: Animate Skeleton
  3629 | D:4      | Learned a level 1 spell: Pain
  3767 | D:4      | Identified a +0 dagger
  3767 | D:4      | Identified a +0 leather armour
  3773 | D:4      | Identified a +0 dagger
  3773 | D:4      | Identified a +0 robe
  3774 | D:4      | Identified a +0 robe
  4028 | D:4      | Identified a +0 mace
  4028 | D:4      | Identified a +0 leather armour
  4028 | D:4      | Identified a +0 dagger
  4028 | D:4      | Identified a +0 leather armour
  4028 | D:4      | Identified a +0 short sword
  4036 | D:4      | Noticed a phantom
  4037 | D:4      | Reached skill level 1 in Necromancy
  4109 | D:3      | HP: 7/35 [orc wizard/+0 dagger (4)]
  4153 | D:3      | Killed from afar by an orc wizard

Table legend:
 A = Turns spent in this place as a percentage of turns spent in the entire game.
 B = Non-inter-level travel turns spent in this place as a percentage of non-inter-level travel turns spent in the entire game.
 C = Inter-level travel turns spent in this place as a percentage of turns spent in this place.
 D = Turns resting spent in this place as a percentage of non-inter-level travel turns spent in this place.
 E = Turns spent auto-exploring this place as a percentage of non-inter-level travel turns spent in this place.
 F = Non-inter-level travel turns spent in this place divided by the number of levels of this place that you've seen.
                   A       B       C       D       E      F
               +-------+-------+-------+-------+-------+----------------------
         Total | 100.0 | 100.0 |   7.1 |  34.5 |  36.9 | 964.5
       Dungeon | 100.0 | 100.0 |   7.1 |  34.5 |  36.9 | 964.5
               +-------+-------+-------+-------+-------+----------------------

Table legend:
 A = Kills in this place as a percentage of kills in entire the game.
 B = Kills by you in this place as a percentage of kills by you in the entire game.
 C = Kills by friends in this place as a percentage of kills by friends in the entire game.
 D = Other kills in this place as a percentage of other kills in the entire game.
 E = Experience gained in this place as a percentage of experience gained in the entire game.
 F = Experience gained in this place divided by the number of levels of this place that you have seen.
                   A       B       C       D       E      F
               +-------+-------+-------+-------+-------+----------------------
         Total | 100.0 | 100.0 | 100.0 |   N/A | 100.0 |  83.2
       Dungeon | 100.0 | 100.0 | 100.0 |   N/A | 100.0 |  83.2
               +-------+-------+-------+-------+-------+----------------------

Skill      XL: |  1  2  3  4  5 |
---------------+----------------+-----
Conjurations   | 1 2 |  2.4
Translocations | 1 |  1.6
Summonings     | 1 |  1.6
Fire Magic     | 1 |  1.4
Hexes          | 1 |  1.3
Necromancy     | 1 |  1.4
Dodging        | |  1.5
Stealth        | |  1.5
Spellcasting   | |  4.7

Action                   |  1- 3 |  4- 6 || total
-------------------------+-------+-------++-------
Melee: Unarmed           |    16 |       ||    16
       Club              |    39 |     1 ||    40
       Mace              |       |    83 ||    83
 Cast: Magic Dart        |    84 |    68 ||   152
       Call Imp          |     6 |    32 ||    38
  Use: Scroll            |       |     2 ||     2
 Stab: Sleeping          |       |     1 ||     1
       Distracted        |       |     1 ||     1
Armor: Robe              |    15 |    35 ||    50
Dodge: Dodged            |    62 |   101 ||   163
       Deflected         |       |     1 ||     1

Vanquished Creatures
  A worker ant (D:4)
  3 adders
  An adder skeleton (D:4)
  2 worms
  5 leopard geckos
  14 orcs
  5 bats
  10 goblins
  6 hobgoblins
  8 jackals
  2 quokkas
  6 frilled lizards
  5 kobolds
  10 rats
78 creatures vanquished.

Vanquished Creatures (collateral kills)
  2 orc priests
  Terence (D:2)
  An orc wizard (D:3)
  An adder (D:3)
  6 orcs
  A ball python (D:3)
  2 hobgoblins
  3 bats (D:2)
  3 frilled lizards
  A kobold (D:3)
21 creatures vanquished.

Grand Total: 99 creatures vanquished
